 Dungeon Crawl Stone Soup version 0.21-a0-91-ga5031da (webtiles) character file.

213288 Gorglomux the Warrior (level 18, -3/201 HPs)
             Began as a Naga Assassin on June 27, 2017.
             Was an Initiate of Gozag.
             Killed from afar by a merfolk aquamancer (33 damage)
             ... with a torrent of water
             ... on level 4 of the Shoals on June 28, 2017.
             The game lasted 02:23:27 (46116 turns).

Gorglomux the Warrior (Naga Assassin)              Turns: 46116, Time: 02:23:28

Health: -3/201     AC: 31    Str: 19    XL:     18   Next: 95%
Magic:  24/24      EV:  3    Int: 12    God:    Gozag
Gold:   2732       SH: 16    Dex: 10    Spells: 17/17 levels left

rFire    + + .     SeeInvis +   v - +6 broad axe (elec)
rCold    + + .     Gourm    .   h - +0 large shield
rNeg     + + +     Faith    .   H - +0 plate armour
rPois    +         Spirit   .   x - +2 hat
rElec    +         Reflect  .   q - scarf {rC+ rF+}
rCorr    .         Harm     .   B - +2 pair of gloves
MR       ++...                  z - +1 naga barding {rF+}
Stlth    ..........             y - amulet of Vitality {Regen+ HP+15}
HPRegen  0.83/turn              d - ring of Zebopn {*Drain rElec rC+ rN+++ Dex-5}
MPRegen  0.19/turn              l - ring of flight

@: gold aura, berserk cooldown, slowed, very slow
A: see invisible, deformed body, poison resistance, slowness 2, slow metabolism
1, spit poison 1, constrict 1, AC +6
}: 1/15 runes: serpentine
a: Spit Poison, Potion Petition, Call Merchant, Bribe Branch, Renounce Religion,
Evoke Flight


You were on level 4 of the Shoals.
You worshipped Gozag.
Gozag was most pleased with you.
You were not hungry.

You visited 6 branches of the dungeon, and saw 32 of its levels.
You also visited: Ossuary and Volcano.

You collected 12427 gold pieces.
You spent 4784 gold pieces at shops.
You paid 4911 gold pieces to Gozag.

Inventory:

Hand Weapons
 b - a +1 blowgun
 v - a +6 broad axe of electrocution (weapon)
Missiles
 K - 13 curare-tipped needles
 Z - 6 throwing nets (quivered)
Armour
 h - a +0 large shield (worn)
 q - a scarf of resistance (worn)
 x - a +2 hat (worn)
 z - a +1 naga barding of fire resistance (worn)
 B - a +2 pair of gloves (worn)
 H - a +0 plate armour (worn)
Jewellery
 c - an uncursed ring of protection from cold
 d - the ring of Zebopn (left hand) {*Drain rElec rC+ rN+++ Dex-5}
   (You bought it in a shop on level 11 of the Dungeon)

   [ring of protection from cold]

   It affects your dexterity (-5).
   It protects you from cold.
   It insulates you from electricity.
   It renders you almost immune to negative energy.
   It causes draining when unequipped.
 f - an uncursed ring of protection from fire
 l - a ring of flight (right hand)
 y - the amulet of Vitality (around neck) {Regen+ HP+15}
   (You bought it in a shop on level 11 of the Dungeon)

   [amulet of regeneration]

   It affects your health (+15).
   It increases your rate of regeneration.
Wands
 i - a wand of confusion (24/48)
 m - a wand of iceblast (8/15)
 w - a wand of flame (23/48)
 A - a wand of acid (12/15)
 C - a wand of confusion (6/48)
 D - a wand of digging (11/24)
 E - a wand of enslavement (2/24)
 I - a wand of iceblast (4/15)
 P - a wand of paralysis (14/24)
Scrolls
 a - a scroll of acquirement
 k - 2 scrolls of summoning
 n - 3 scrolls of immolation
 p - a scroll of holy word
 r - 2 scrolls of fog
 M - 5 scrolls of magic mapping
 R - 4 scrolls of identify
 S - 15 scrolls of remove curse
 T - 11 scrolls of teleportation
 X - 2 scrolls of fear
Potions
 o - 3 potions of resistance
 u - 2 potions of heal wounds
 F - a potion of haste
 J - 2 potions of cancellation
 L - a potion of invisibility
 O - 3 potions of mutation {!q}
 Q - 8 potions of curing
 U - 3 potions of agility
 V - 9 potions of flight
 Y - a potion of ambrosia
Miscellaneous
 e - a lightning rod (inert)
 G - a fan of gales (inert)
Comestibles
 g - 11 bread rations


   Skills:
 + Level 17.4 Fighting
   Level 2.0 Short Blades
 + Level 16.3 Axes
 - Level 1.7 Throwing
 + Level 14.8 Armour
 - Level 6.4 Dodging
 - Level 6.0 Stealth
 + Level 9.1 Shields
 - Level 8.9 Evocations


You had 17 spell levels left.
You didn't know any spells.

Dungeon Overview and Level Annotations

Branches:
Dungeon (15/15)            Temple (1/1) D:7            Lair (6/6) D:11
 Shoals (4/4) Lair:3        Snake (4/4) Lair:4        Slime (0/5) Lair:5
    Orc (2/2) D:12            Elf (0/3) Orc:2        Vaults (0/5) D:13
 Depths (0/5) D:15

Altars:
Ashenzari
Dithmenos
Elyvilon
Fedhas
Gozag
Hepliaklqana
Kikubaaqudgha
Makhleb
Nemelex Xobeh
Okawaru
Qazlal
Ru
Trog
Uskayaw
Vehumet
Wu Jian
Xom
Yredelemnul
Zin
The Shining One
Beogh

Shops:
D:6 *   D:7 !   D:11 (=   D:15 }   Orc:1 [   Orc:2 }%[*?   Lair:3 *(
Shoals:2 [   Shoals:4 (   Snake:3 :

Annotations:
Lair:6 2 exclusions
Shoals:1 exclusion: Roxanne, Roxanne
Shoals:3 exclusion: oklob plant
Snake:2 1 exclusion


Innate Abilities, Weirdness & Mutations

You cannot wear boots.
Your serpentine skin is tough. (AC +6)
You have supernaturally acute eyesight. (SInv)
Armour fits poorly on your strangely shaped body.
Your system is resistant to poisons. (rPois)
You cover ground very slowly.
You have a slow metabolism.
You can spit poison.
You can use your snake-like lower body to constrict enemies.


Message History

Your soldier ant poisons the merfolk impaler!
The merfolk aquamancer gestures at you while chanting.
The torrent of water hits you!
* * * LOW HITPOINT WARNING * * *
The wave splashes down.
Splash!
You fall into the shallow water.
Moving in this stuff is going to be slow.
You hear an angry hiss.
You hear a shout! x2; You hear an angry hiss.
You hear a shout!
You hear an angry hiss.
You hear a shout!
You hear a screech!
You hear a shout!
Unknown command.
You feel much better.
Your soldier ant stings the merfolk impaler!
Your soldier ant stings the merfolk impaler.
You block the merfolk impaler's attack.
The merfolk aquamancer points at you and mumbles some strange words.
The torrent of water hits you!
You die...
Your body crumbles into a pile of gold.

≈≈≈ ≈ ≈≈ #≈≈≈≈≈≈≈≈≈≈.. .≈≈
# #≈≈m #≈≈≈≈≈≈≈≈≈≈≈≈ ....#≈
≈#m #≈≈≈≈≈≈≈≈≈≈≈≈ ......#
≈≈# ##≈≈≈≈≈≈≈≈≈≈≈≈
.....#.#≈≈ ##≈≈≈≈≈≈≈≈≈≈≈(≈
......#.. ##≈≈≈≈≈≈≈≈≈≈≈≈≈.
.......$####≈≈≈≈≈≈≈≈≈≈≈≈≈..
.......am≈≈.≈≈≈≈≈≈≈#≈#≈≈##.
.......a[)@§..≈≈≈≈≈#######.
..........≈≈.?..m##≈)##≈.##
................≈≈#))≈≈≈..#
.................###≈#≈#.##
≈≈≈..............# #≈≈=≈≈≈#
≈≈≈≈≈..........?.###≈#≈#≈##
≈≈≈≈≈.#..........##≈≈≈≈≈≈≈#
≈≈≈≈≈..........≈≈##≈≈##≈##
≈≈≈.............#### ##


You could see a merfolk impaler, a merfolk aquamancer and 2 friendly soldier
ants.

Vanquished Creatures
  Vashnia (Snake:3)
  Frances (D:12)
  Ilsuiw (Shoals:4)
  7 nagarajas
  Louise (D:15)
  Nessos (D:12)
  Snorg (Lair:4)
  The ghost of grindst0ne the Protected, a journeyman FoFi of Okawaru (D:9)
  A fire dragon (D:14)
  Josephine (Lair:5)
  2 merfolk impalers
  4 vault guards
  Fannar (D:10)
  Harold (Lair:2)
  6 hydras
  17 naga warriors
  6 anacondas
  7 two-headed ogres
  The ghost of grindst0ne the Archer, a novice CeHu of Trog (D:10)
  3 merfolk aquamancers
  A centaur warrior (D:15)
  A satyr (Shoals:3)
  A tengu warrior (D:13)
  4 death yaks (Lair:5)
  3 orc high priests (Orc:2)
  20 naga sharpshooters
  4 shock serpents
  5 skeletal warriors (D:15)
  5 orc knights
  A salamander mystic (Snake:3)
  13 sea snakes
  7 naga ritualists
  An unseen horror (D:14)
  7 harpies
  12 mana vipers
  10 fauns (Shoals:3)
  3 rime drakes
  6 deep elf magi
  A necromancer (D:15)
  9 cyclopes
  10 ugly things
  5 orc sorcerers
  6 salamanders
  12 manticores
  33 black mambas
  42 naga magi
  6 merfolk sirens
  Joseph (D:8)
  A smoke demon (Volcano)
  13 elephants
  3 water nymphs
  5 guardian serpents
  8 spiny frogs
  A redback zombie (D:15)
  2 kobold demonologists (D:14)
  2 efreet
  A freezing wraith (D:14)
  12 komodo dragons
  9 trolls
  A queen bee (D:9)
  3 red devils (Volcano)
  6 wind drakes
  9 merfolk
  A slime creature (D:13)
  A wolf spider simulacrum (D:15)
  22 dream sheep
  A hornet (D:7)
  Prince Ribbit (D:5)
  5 snapping turtles
  12 hippogriffs
  13 blink frogs
  8 redbacks (Snake:3)
  9 water elementals
  A shadow (D:14)
  45 yaks
  4 vampires
  5 wraiths
  4 wyverns
  A basilisk (Lair:6)
  3 vampire mosquitoes (D:12)
  2 hungry ghosts
  42 nagas
  6 wargs
  Edmund (D:4)
  2 acid dragons (D:14)
  The ghost of Duffy the Magician, an amateur DEFE (D:4)
  A hell hound (Volcano)
  11 water moccasins
  8 porcupines
  4 black bears
  8 sky beasts
  2 eyes of draining
  5 ice beasts
  23 orc warriors
  2 hornet zombies
  5 phantoms
  4 wolves (Lair:1)
  14 ogres
  18 centaurs
  The ghost of Doomer the Digger, an amateur FoEE of Wu Jian (D:3)
  16 crocodiles
  9 big kobolds
  14 bullfrogs
  A wyvern zombie (D:11)
  A gnoll sergeant (D:8)
  4 wyvern skeletons
  8 scorpions
  4 jellies
  5 howler monkeys
  35 killer bees
  24 wights
  5 electric eels
  5 centaur zombies
  16 crimson imps
  14 orc priests
  3 bullfrog zombies
  6 hounds
  18 orc wizards
  A bullfrog skeleton (D:6)
  9 centaur skeletons
  3 iguanas
  Natasha (thrice) (D:3)
  14 worker ants
  A killer bee zombie (D:8)
  2 hound zombies
  2 hound skeletons
  A worker ant zombie (D:5)
  6 gnolls
  21 adders
  4 shadow imps
  A white imp (D:12)
  2 oozes
  An adder skeleton (D:9)
  3 worms
  3 dart slugs
  8 leopard geckos
  80 orcs
  3 ball pythons
  10 bats
  11 giant cockroaches
  5 goblins
  8 hobgoblins
  20 jackals
  8 quokkas
  A ball python skeleton (D:4)
  9 frilled lizards
  A jackal skeleton (D:4)
  39 kobolds
  A leopard gecko skeleton (D:5)
  2 orc zombies (Ossuary)
  A quokka skeleton (D:9)
  7 rats
  A butterfly (Lair:3)
  10 plants
1155 creatures vanquished.

Vanquished Creatures (collateral kills)
  An orc warlord (Orc:1)
  A merfolk impaler (Shoals:4)
  2 satyrs (Shoals:3)
  A shock serpent (Snake:3)
  A spiny frog (Lair:6)
  A faun (Shoals:3)
  2 orc knights (Orc:2)
  An orc sorcerer (Orc:2)
  2 elephants
  A black mamba (Snake:3)
  3 blink frogs (Lair:6)
  2 yaks (Lair:6)
  2 nagas (Snake:3)
  A water moccasin (Lair:2)
  5 wolves (Lair:6)
  A crocodile (Lair:1)
  2 orc wizards (Orc:2)
  3 orcs
32 creatures vanquished.

Vanquished Creatures (others)
  An unseen horror (D:14)
  A faun (Shoals:3)
  A black mamba (Snake:3)
  3 spiny frogs (Lair:2)
  A warg (D:12)
  A crocodile (Lair:1)
  12 fungi
  42 plants
62 creatures vanquished.

Grand Total: 1249 creatures vanquished

Notes
Turn   | Place    | Note
-------+----------+-------------------------------------------
     0 | D:1      | Gorglomux the Naga Assassin began the quest for the Orb.
     0 | D:1      | Reached XP level 1. HP: 19/19 MP: 1/1
    24 | D:1      | Reached skill level 6 in Stealth
   266 | D:1      | Reached XP level 2. HP: 27/27 MP: 2/2
   371 | D:1      | Reached skill level 3 in Fighting
   520 | D:1      | Reached XP level 3. HP: 29/34 MP: 3/3
  1172 | D:2      | You fall through a shaft!
  1335 | D:2      | Reached skill level 4 in Fighting
  1402 | D:2      | Reached XP level 4. HP: 44/44 MP: 4/4
  1865 | D:3      | Noticed Doomer's ghost (amateur FoEE)
  2078 | D:3      | Found a burning altar of Makhleb.
  2164 | D:3      | Killed Doomer's ghost
  2164 | D:3      | Reached skill level 1 in Armour
  2164 | D:3      | Reached XP level 5. HP: 24/51 MP: 5/5
  2385 | D:3      | Noticed Natasha
  2402 | D:3      | Killed Natasha
  2402 | D:3      | Reached skill level 5 in Fighting
  2956 | D:3      | Reached XP level 6. HP: 61/61 MP: 6/6
  3071 | D:3      | Noticed Natasha
  3086 | D:3      | Killed Natasha
  3204 | D:3      | Noticed Natasha
  3213 | D:3      | Killed Natasha
  3492 | D:4      | Noticed Edmund
  3528 | D:4      | Killed Edmund
  3528 | D:4      | Reached skill level 6 in Fighting
  3528 | D:4      | Reached skill level 3 in Armour
  3528 | D:4      | Reached XP level 7. HP: 55/69 MP: 7/7
  3766 | D:4      | Found a bloodstained altar of Trog.
  3775 | D:4      | Noticed Duffy's ghost (amateur DEFE)
  3789 | D:4      | Killed Duffy's ghost
  3849 | D:4      | Reached skill level 7 in Fighting
  3860 | D:4      | Reached XP level 8. HP: 80/80 MP: 8/8
  4217 | D:5      | Entered Level 5 of the Dungeon
  4609 | D:5      | You fall through a shaft for 2 floors!
  4627 | D:7      | Found a sand-covered staircase.
  4974 | D:7      | Reached skill level 8 in Fighting
  5197 | Ossuary  | Entered an ossuary
  5538 | D:6      | Found a stormy altar of Qazlal.
  6133 | D:5      | Noticed Prince Ribbit
  6163 | D:5      | Killed Prince Ribbit
  6163 | D:5      | Reached skill level 1 in Axes
  6163 | D:5      | Reached XP level 9. HP: 46/90 MP: 9/9
  6501 | D:6      | Found Ecib's Assorted Antiques.
  6685 | D:6      | Reached skill level 6 in Armour
  7053 | D:6      | Reached skill level 9 in Fighting
  7061 | D:6      | Reached skill level 3 in Axes
  7596 | D:7      | Noticed a hornet
  7603 | D:7      | Killed a hornet
  8124 | D:7      | Reached XP level 10. HP: 90/100 MP: 10/10
  8217 | D:7      | Found a staircase to the Ecumenical Temple.
  8332 | Temple   | Entered the Ecumenical Temple
  8431 | Temple   | Became a worshipper of Gozag Ym Sagoz the Greedy
  8466 | D:7      | Found Ciw Lub's Distillery.
  8497 | D:7      | Bought a potion of heal wounds for 75 gold pieces
  9238 | D:8      | Noticed Joseph
  9253 | D:8      | Reached skill level 10 in Fighting
  9696 | D:8      | Noticed a two-headed ogre
  9726 | D:8      | Killed Joseph
  9919 | D:8      | Noticed a two-headed ogre
 10214 | D:9      | Reached skill level 1 in Evocations
 10724 | D:8      | Reached skill level 6 in Axes
 11123 | D:9      | Reached skill level 3 in Evocations
 11269 | D:9      | Noticed grindst0ne's ghost (journeyman FoFi)
 11306 | D:9      | HP: 5/103 [grindst0ne's ghost (12)]
 11311 | D:9      | Killed grindst0ne's ghost
 11311 | D:9      | Reached XP level 11. HP: 9/110 MP: 13/13
 11843 | D:9      | Noticed a purple ugly thing
 12769 | D:9      | Killed a purple ugly thing
 13232 | D:8      | Found a hide-covered altar of Uskayaw.
 13334 | D:8      | Killed a two-headed ogre
 13334 | D:8      | Reached skill level 11 in Fighting
 13859 | D:8      | Killed a two-headed ogre
 14460 | D:10     | Entered Level 10 of the Dungeon
 14596 | D:10     | Reached skill level 9 in Armour
 15033 | D:10     | Noticed a cyclops
 15044 | D:10     | Killed a cyclops
 15252 | D:10     | HP: 1/111 [sky beast (5)]
 15643 | D:10     | Reached XP level 12. HP: 59/120 MP: 7/16
 16050 | D:10     | Noticed Fannar
 16673 | D:10     | Noticed grindst0ne's ghost (novice CeHu)
 16694 | D:10     | Killed grindst0ne's ghost
 17407 | D:10     | Killed Fannar
 17407 | D:10     | Reached skill level 9 in Axes
 17668 | D:11     | Reached skill level 12 in Fighting
 18859 | D:11     | Found a staircase to the Lair.
 19308 | Lair:1   | Entered Level 1 of the Lair of Beasts
 19501 | D:11     | Bought a +1 demon blade of flaming for 476 gold pieces
 19840 | Lair:1   | Reached skill level 1 in Shields
 22127 | Lair:2   | Gained mutation: You can use your snake-like lower body to constrict enemies. [Naga growth]
 22127 | Lair:2   | Reached XP level 13. HP: 105/130 MP: 13/17
 22165 | Lair:2   | Reached skill level 6 in Evocations
 22566 | Lair:2   | Noticed Harold
 22583 | Lair:2   | Killed Harold
 22583 | Lair:2   | Reached skill level 3 in Shields
 24308 | Lair:3   | Reached skill level 13 in Fighting
 24785 | Lair:3   | Reached skill level 1 in Dodging
 24907 | Lair:3   | Found a staircase to the Shoals.
 25694 | Lair:4   | Noticed Snorg
 25710 | Lair:4   | Killed Snorg
 25736 | Lair:4   | Found a staircase to the Snake Pit.
 26850 | Lair:5   | Reached skill level 3 in Dodging
 27354 | Lair:5   | Noticed Josephine
 27368 | Lair:5   | Killed Josephine
 27368 | Lair:5   | Reached XP level 14. HP: 124/141 MP: 15/19
 27939 | Lair:5   | Found a staircase to the Slime Pits.
 28463 | Lair:6   | Entered Level 6 of the Lair of Beasts
 28471 | Lair:6   | Found a labyrinth entrance.
 28561 | Lair:6   | Found a dark tunnel.
 28571 | Volcano  | Entered a volcano
 29490 | Lair:6   | Reached skill level 6 in Dodging
 30482 | D:11     | Bought the ring of Zebopn {*Drain rElec rC+ rN+++ Dex-5} for 570 gold pieces
 30482 | D:11     | Bought the amulet of Vitality {Regen+ HP+15} for 1027 gold pieces
 30612 | D:12     | Reached skill level 12 in Axes
 30866 | D:6      | Bought a pair of slimy gloves for 313 gold pieces
 30876 | D:6      | Identified the cursed +0 pair of gloves "Ocvym" {*Corrode Regen+ Str+7 Slay-4} (You bought it in a shop on level 6 of the Dungeon)
 30955 | D:7      | Bought a potion of resistance for 150 gold pieces
 30955 | D:7      | Bought a potion of agility for 60 gold pieces
 30955 | D:7      | Bought 2 potions of agility for 120 gold pieces
 31134 | D:12     | Noticed Frances
 31143 | D:12     | Killed Frances
 31149 | D:12     | Reached skill level 14 in Fighting
 31397 | D:12     | Reached XP level 15. HP: 136/151 MP: 21/21
 31541 | D:12     | Noticed Nessos
 31575 | D:12     | Killed Nessos
 31670 | D:12     | Found a staircase to the Orcish Mines.
 32103 | D:13     | Found a sacrificial altar of Ru.
 32148 | D:13     | Found a gate to the Vaults.
 32526 | D:13     | Reached skill level 12 in Armour
 32888 | Orc:1    | Entered Level 1 of the Orcish Mines
 32888 | Orc:1    | Noticed an orc warlord
 33659 | D:14     | Found an iron altar of Okawaru.
 34486 | D:15     | Entered Level 15 of the Dungeon
 34522 | D:15     | Found a basalt altar of Yredelemnul.
 34862 | D:15     | Reached skill level 15 in Fighting
 35053 | D:15     | Found Fukh's Gadget Shoppe.
 35069 | D:15     | Bought a wand of acid (11/15) for 360 gold pieces
 35069 | D:15     | Bought a wand of paralysis (16/24) for 216 gold pieces
 35129 | D:15     | Noticed Louise
 35138 | D:15     | Killed Louise
 35569 | D:15     | Reached XP level 16. HP: 163/163 MP: 22/22
 35702 | D:15     | Found a staircase to the Depths.
 36566 | Orc:1    | Found Rukk's Armour Emporium.
 36786 | Orc:2    | Entered Level 2 of the Orcish Mines
 36786 | Orc:2    | Found a staircase to the Elven Halls.
 36859 | Orc:2    | Found a roughly hewn altar of Beogh.
 37614 | Orc:2    | Found Noshrusm's Magic Scroll Boutique.
 37614 | Orc:2    | Found Yheghuo's Gadget Shoppe.
 37641 | Orc:2    | Found Neegosib's Armour Boutique.
 37641 | Orc:2    | Found Tufisay's Food Shoppe.
 37660 | Orc:2    | Bought a scroll of acquirement for 780 gold pieces
 37667 | Orc:2    | Bought a scroll of enchant weapon for 112 gold pieces
 37667 | Orc:2    | Bought a scroll of teleportation for 45 gold pieces
 37667 | Orc:2    | Bought a scroll of teleportation for 45 gold pieces
 37916 | Snake:1  | Entered Level 1 of the Snake Pit
 39052 | Snake:2  | Noticed a nagaraja
 39061 | Snake:2  | Killed a nagaraja
 39118 | Snake:2  | Noticed a nagaraja
 39123 | Snake:2  | Killed a nagaraja
 39359 | Snake:2  | Reached skill level 16 in Fighting
 39705 | Snake:2  | Noticed a nagaraja
 39718 | Snake:2  | Killed a nagaraja
 39718 | Snake:2  | Reached XP level 17. HP: 151/172 MP: 23/23
 40172 | Snake:3  | Reached skill level 6 in Shields
 40240 | Snake:3  | Noticed Vashnia
 40288 | Snake:3  | Killed Vashnia
 40349 | Snake:3  | Reached skill level 15 in Axes
 40375 | Snake:3  | Found Apebbiory's Book Boutique.
 41050 | Snake:3  | Found a radiant altar of Vehumet.
 41213 | Snake:4  | Entered Level 4 of the Snake Pit
 41243 | Snake:4  | Found a stormy altar of Qazlal.
 42042 | Snake:4  | Reached XP level 18. HP: 170/183 MP: 24/24
 42542 | Snake:4  | Got a serpentine rune of Zot
 42721 | Snake:4  | Reached skill level 17 in Fighting
 43001 | Snake:4  | Upgraded the game from 0.21-a0-88-g13b9641 to 0.21-a0-91-ga5031da
 43209 | Shoals:1 | Entered Level 1 of the Shoals
 43230 | Lair:3   | Bought a scroll of fear for 108 gold pieces
 43230 | Lair:3   | Bought a scroll labeled KIEPLOR DAHUEGGY for 31 gold pieces
 43230 | Lair:3   | Bought a potion of curing for 93 gold pieces
 43234 | Lair:3   | Bought a glowing broad axe for 203 gold pieces
 43521 | Shoals:1 | Noticed Roxanne
 44453 | Shoals:2 | Found Zerphuac's Armour Emporium.
 45197 | Shoals:3 | Found a stormy altar of Qazlal.
 45468 | Shoals:3 | Reached skill level 9 in Shields
 45749 | Shoals:4 | Entered Level 4 of the Shoals
 45749 | Shoals:4 | Found Xogiczon's Antique Weapon Emporium.
 46086 | Shoals:4 | Noticed Ilsuiw
 46111 | Shoals:4 | Killed Ilsuiw
 46115 | Shoals:4 | HP: 5/201 [merfolk aquamancer/torrent of water (41)]
 46116 | Shoals:4 | Killed from afar by a merfolk aquamancer

Vault maps used:
D:1:      evilmike_arrival_crescent, hangedman_decor_peaks_small,
          minmay_split_cup_small
D:2:      minmay_pentomino_t2
D:3:      nicolae_overflow_crystal_walls, uniq_natasha
D:4:      first_bread, bloody_trog, uniq_edmund
D:5:      minmay_misc_feat_nine_boxes, uniq_prince_ribbit1
D:6:      basic_altar, serial_shops, nicolae_shop_trees
D:7:      minmay_temple_entry_trees, nicolae_ossuary_entry_false_entrances,
          serial_shops, shop
D:8:      basic_altar, uniq_joseph
D:9:      david_nohive_1, serial_park_tiny_1
D:10:     uniq_fannar
D:11:     lair_entry_dummy
D:12:     david_orc_1_choice, minmay_fire_ice_demons, uniq_nessos, uniq_frances
D:13:     lightli_vaults_fourway_checkpoint, nicolae_ru_awakened_eye
D:14:     basic_altar, serial_bayou_pond_e
D:15:     grunt_enter_depths_magical_seal, serial_shops, nicolae_shop_crystal,
          basic_altar, roderic_lattice_a, uniq_louise
Temple:   kilobyte_greek_temple
Lair:1:   serial_bayou_shore_a
Lair:2:   beast_lair_carwin_4, uniq_harold
Lair:3:   minmay_shoals_entry_centaurs, grunt_megastairs_3,
          serial_bayou_shore_b, serial_bayou_shore_b, lemuel_fruit_tree,
          lemuel_fruit_fields
Lair:4:   guppyfry_snake_entry_garden, uniq_snorg
Lair:5:   dpeg_slime_entry_corner, uniq_josephine
Lair:6:   grunt_lair_end_beastmaster, nicolae_volcano_entry_two_sided,
          lab_entry_generic, grunt_megastairs_1
Shoals:1: uniq_roxanne
Shoals:2: serial_shops, nicolae_shop_trees
Shoals:3: lemuel_oklob_altar
Shoals:4: shoals_end_grunt_ice, shoals_ilsuiw_alternative, serial_shops,
          shop_coins
Snake:1:  serial_bayou_shore_b
Snake:3:  serial_shops, nicolae_shop_window_shopping, basic_altar, spider_trap,
          grunt_megastairs_4, basic_stair_grate_trap, uniq_vashnia
Snake:4:  snake_pit, basic_altar, serial_bayou_lake_a
Orc:1:    serial_shops, shop
Orc:2:    grunt_orc_tribal_feast, basic_altar
Ossuary:  ossuary_minmay_tomb_2a
Volcano:  volcano_pools

Skill      XL: |  1  2  3  4  5  6  7  8  9 10 11 12 13 14 15 16 17 18 |
---------------+-------------------------------------------------------+-----
Stealth        | 6 |  6.0
Fighting       | 3 4 5 6 7 8 9 10 11 12 13 14 15 16 17 | 17.4
Armour         | 1 2 3 4 5 7 8 9 10 11 12 13 14 | 14.8
Axes           | 1 4 6 8 10 11 12 13 14 15 16 | 16.3
Evocations     | 3 5 7 8 |  8.9
Shields        | 2 4 5 7 9 |  9.1
Dodging        | 3 6 |  6.4
Short Blades   | |  2.0
Throwing       | |  1.7

Action                   |  1- 3 |  4- 6 |  7- 9 | 10-12 | 13-15 | 16-18 || total
-------------------------+-------+-------+-------+-------+-------+-------++-------
Melee: Dagger            |    66 |   251 |   100 |    18 |       |       ||   435
       Flail             |       |       |    95 |   165 |    60 |       ||   320
       Spear             |       |       |     1 |       |       |       ||     1
       Hand axe          |       |       |   149 |   956 |   309 |       ||  1414
       Demon blade       |       |       |       |    80 |    61 |       ||   141
       War axe           |       |       |       |       |   710 |       ||   710
       Constrict         |       |       |       |       |   247 |   287 ||   534
       Battleaxe         |       |       |       |       |   363 |   220 ||   583
       Broad axe         |       |       |       |       |       |  1095 ||  1095
 Fire: Blowgun           |       |    12 |    16 |    16 |    14 |       ||    58
       Shortbow          |       |       |    48 |    16 |       |       ||    64
Throw: Throwing net      |       |       |       |       |     2 |       ||     2
Invok: Call Merchant     |       |       |       |     1 |     1 |     3 ||     5
       Potion Petition   |       |       |       |       |     1 |       ||     1
 Abil: Spit Poison       |    33 |    46 |    43 |    53 |    18 |     1 ||   194
       Evoke Flight      |       |       |       |       |       |    25 ||    25
       Stop Flying       |       |       |       |       |       |     2 ||     2
Evoke: Wand              |       |       |       |    12 |    50 |    28 ||    90
       Lightning rod     |       |       |       |       |       |     4 ||     4
       Sack of spiders   |       |       |       |       |       |     2 ||     2
       Fan of gales      |       |       |       |       |       |     1 ||     1
  Use: Scroll            |     5 |       |     9 |    10 |    19 |    14 ||    57
       Potion            |       |     1 |     2 |     8 |     3 |     4 ||    18
 Stab: Sleeping          |     3 |     2 |     2 |     3 |       |       ||    10
       Distracted        |       |       |     3 |    11 |    10 |     7 ||    31
       Confused          |       |       |       |     2 |       |       ||     2
       Betrayed ally     |       |       |       |       |     1 |     2 ||     3
       Held in net/web   |       |       |       |       |     1 |       ||     1
       Paralysed         |       |       |       |       |       |     5 ||     5
  Eat: Chunk             |     3 |     8 |    13 |     1 |       |       ||    25
       Royal jelly       |       |       |     1 |     7 |     4 |     3 ||    15
       Meat ration       |       |       |       |     5 |     5 |     4 ||    14
       Fruit             |       |       |       |     2 |    14 |     1 ||    17
       Bread ration      |       |       |       |       |       |     4 ||     4
Armor: Robe              |     1 |       |       |       |       |       ||     1
       Leather armour    |    18 |       |       |       |       |       ||    18
       Ring mail         |     2 |   118 |   185 |   219 |       |       ||   524
       Skin              |       |       |       |    74 |       |       ||    74
       Chain mail        |       |       |       |   321 |       |       ||   321
       Plate armour      |       |       |       |   116 |   980 |   739 ||  1835
Dodge: Dodged            |    40 |   143 |   297 |   604 |   449 |   155 ||  1688
Block: Buckler           |       |       |       |    62 |   346 |       ||   408
       Large shield      |       |       |       |       |       |   848 ||   848
       Rpst.: Demon blade |       |       |       |     7 |     8 |       ||    15
